 Dungeon Crawl Stone Soup version 0.27.1-1-g398f81649c (webtiles) character file.

Game seed: 10511822103920681560

56 obito the Skirmisher (level 3, 0/33 HPs)
             Began as a Hill Orc Fighter on Sept 13, 2021.
             Succumbed to an adder's poison
             ... on level 2 of the Dungeon.
             The game lasted 00:06:20 (1366 turns).

obito the Skirmisher (Hill Orc Fighter)             Turns: 1366, Time: 00:06:21

Health: 0/33       AC:  7    Str: 19    XL:     3   Next: 97%
Magic:  3/3        EV:  7    Int:  8    God:
Gold:   73         SH:  9    Dex: 10    Spells: 2/2 levels left

rFire    . . .     SeeInvis .   a - +0 war axe
rCold    + . .     Faith    .   c - +0 kite shield
rNeg     . . .     Spirit   .   b - +0 scale mail
rPois    .         Reflect  .   (no helmet)
rElec    .         Harm     .   (no cloak)
rCorr    .         Rampage  .   (no gloves)
Will     .....                  (no boots)
Stlth    ..........             (no amulet)
HPRegen  0.11/turn              e - ring of protection from cold
MPRegen  0.08/turn              (no ring)

@: lethally poisoned (0 -> -5), hasted, very quick
A: no striking features
a: no special abilities


You were on level 2 of the Dungeon.
You visited 1 branch of the dungeon, and saw 2 of its levels.

You collected 73 gold pieces.

Inventory:

Hand Weapons
 a - a +0 war axe (weapon)
Missiles
 f - 31 stones (quivered)
Armour
 b - a +0 scale mail (worn)
 c - a +0 kite shield (worn)
Jewellery
 e - a ring of protection from cold (left hand)
Scrolls
 g - a scroll of fog {unknown}
 h - a scroll of noise {unknown}
 i - a scroll of vulnerability {unknown}
Potions
 d - a potion of might


   Skills:
 + Level 4.1 Fighting
 + Level 3.9 Axes
 + Level 3.8 Armour
 + Level 0.2 Dodging
 + Level 3.6 Shields


You had 2 spell levels left.
You didn't know any spells.
Your spell library contained the following spells:

 Spells                   Type           Power      Damage    Failure   Level
 Beastly Appendage        Tmut           0%         N/A       99%         1
 Wereblood                Tmut           0%         N/A       100%        2
 Dazzling Flash           Conj/Hex       0%         N/A       100%        3
 Spider Form              Tmut/Pois      0%         N/A       100%        3
 Iskenderun's Mystic Bla  Conj/Tloc      0%         2d3       100%        4
 Starburst                Conj/Fire      0%         6d3       100%        6


Dungeon Overview and Level Annotations

Branches:
Dungeon (2/15)

Altars:


Message History

You closely miss the adder.
The adder is moderately wounded.
You closely miss the ball python.
You feel sick.
You are no longer poisoned.
The ball python barely misses you. The ball python constricts you.
The adder barely misses you.
The ball python bites you but does no damage.
The ball python constricts you. The adder bites you.
You closely miss the adder.
The adder is moderately wounded.
You hit the ball python.
You kill the ball python!
You block the adder's attack. The adder bites you.
You hit the adder.
The adder is severely wounded.
The adder bites you.
You are poisoned.
The adder poisons you! The adder bites you.
You are more poisoned.
The adder poisons you!
You completely miss the adder.
The adder is severely wounded.
* * * LOW HITPOINT WARNING * * *
You feel very sick. The adder closely misses you. The adder bites you.
* * * LOW HITPOINT WARNING * * *
You are more poisoned.
The adder poisons you!
You slash the adder!
You kill the adder!
* * * LOW HITPOINT WARNING * * *
You feel very sick.
There is a lethal amount of poison in your body!
Unknown command.
There is a lethal amount of poison in your body!
* * * LOW HITPOINT WARNING * * *
You feel sick.
There is a lethal amount of poison in your body!
It was a potion of haste.
You feel yourself speed up.
You die...

.... ... ..... ##.#
.....##.⌠## #
......⌠...#.#
.....#.$.⌠..##
.....##⌠.##..#. #
#.##.###....#
#........##.#
#..#@.......#
####..#.#######
........÷.#
###..#..#.#####
....).........#
#.#.###.#.###.####..#
. # ...#.#.......#
#####.#.#.###.#
#.....#.#


There were no monsters in sight!

Vanquished Creatures
  An adder (D:2)
  A gnoll (D:2)
  3 bats
  5 endoplasms
  2 giant cockroaches (D:2)
  3 goblins
  4 hobgoblins
  3 quokkas (D:1)
  3 ball pythons
  3 frilled lizards (D:1)
  5 kobolds (D:1)
  3 rats (D:1)
36 creatures vanquished.

Vanquished Creatures (others)
  A plant (D:1)
1 creature vanquished.

Grand Total: 37 creatures vanquished

Notes
Turn   | Place    | Note
-------+----------+-------------------------------------------
     0 | D:1      | obito the Hill Orc Fighter began the quest for the Orb.
     0 | D:1      | Reached XP level 1. HP: 19/19 MP: 1/1
   320 | D:1      | Reached XP level 2. HP: 23/27 MP: 2/2
   585 | D:1      | Reached skill level 4 in Fighting
   912 | D:1      | Reached XP level 3. HP: 33/33 MP: 3/3
  1365 | D:2      | HP: 1/33 [poisoned by an adder]
  1366 | D:2      | Succumbed to an adder's poison

Illustrated notes

Levels and vault maps discovered:
D:1:      scummos_arrival_checkerplants, layout_basic, serial_forest,
          infiniplex_forest_lined_3, infiniplex_forest_straight_4,
          infiniplex_forest_fountain, infiniplex_forest_lined_3,
          infiniplex_forest_clump_double, infiniplex_forest_join,
          infiniplex_forest_end_1
D:2:      layout_basic, hellmonk_ecumenical_altar_lost_god, minmay_pentomino_p4

Skill      XL: |  1  2 |
---------------+-------+-----
Axes           | 3 |  3.9
Fighting       | 4 |  4.1
Armour         | |  3.8
Dodging        | |  0.2
Shields        | |  3.6

Action                   || total
-------------------------++-------
Melee: War axe           ||   103
  Use: Potion            ||     1
Armor: Scale mail        ||    48
Dodge: Dodged            ||    28
Block: Kite shield       ||    47
